 Dungeon Crawl Stone Soup version 0.28-a0-631-g0446da8ef9 (webtiles) character file.

Game seed: 6764132731128380895

25 siradein the Magician (level 2, 0/20 HPs)
             Began as a Draconian Hedge Wizard on Oct 10, 2021.
             Slain by a goblin (1 damage)
             ... on level 1 of the Dungeon.
             The game lasted 00:01:31 (1051 turns).

siradein the Magician (Draconian Hedge Wizard)      Turns: 1051, Time: 00:01:32

Health: 0/20       AC:  4    Str: 12    XL:     2   Next: 86%
Magic:  4/6        EV: 12    Int: 14    God:
Gold:   19         SH:  0    Dex: 10    Spells: 0/7 levels left

rFire   . . .      SeeInvis .   b - +0 short sword
rCold   . . .      Faith    .   (no shield)
rNeg    . . .      Spirit   .   (armour unavailable)
rPois   .          Reflect  .   (helmet restricted)
rElec   .          Harm     .   (no cloak)
rCorr   .          Rampage  .   (no gloves)
Will    .....                   (no boots)
Stlth   ++........              (no amulet)
HPRegen 0.06/turn               (no ring)
MPRegen 0.10/turn               (no ring)

@: no status effects
A: AC +4, unfitting armour, cold-blooded
a: no special abilities


You were on level 1 of the Dungeon.
You visited 1 branch of the dungeon, and saw 1 of its levels.

You collected 19 gold pieces.

Inventory:

Hand Weapons
 b - a +0 short sword (weapon)
Missiles
 c - 26 poisoned darts
Scrolls
 a - a scroll of brand weapon {unknown}
 d - 2 scrolls of identify {unknown}


   Skills:
 - Level 1.7 Dodging
 - Level 1.7 Stealth
 + Level 3.2 Spellcasting
 + Level 1.5 Conjurations
 + Level 0.3 Hexes
 + Level 1.5 Summonings
 + Level 1.5 Translocations


You couldn't memorise any spells.
You knew the following spells:

 Your Spells              Type           Power      Damage    Failure   Level
a - Magic Dart            Conj           24%        1d4       11%         1
b - Blink                 Tloc           N/A        N/A       17%         2
c - Call Imp              Summ           6%         N/A       17%         2
d - Slow                  Hex            3%         N/A       26%         2

Your spell library contained the following spells:

 Spells                   Type           Power      Damage    Failure   Level
 Foxfire                  Conj/Fire      16%        2x1d4     16%         1
 Conjure Flame            Conj/Fire      4%         6-21      41%         3
 Mephitic Cloud           Conj/Pois/Air  3%         N/A       45%         3
 Inner Flame              Hex/Fire       2%         N/A       52%         3
 Flame Wave               Conj/Fire      4%         3d3       83%         4


Dungeon Overview and Level Annotations

Branches:
Dungeon (1/15)

Altars:


Innate Abilities, Weirdness & Mutations

Your plain brown scales are hard. (AC +4)
You cannot fit into any form of body armour.
You are cold-blooded and may be slowed by cold attacks.


Message History

You hit the endoplasm but do no damage.
The endoplasm is almost dead.
You feel yourself speed up. The endoplasm barely misses you.
The goblin hits you with a +0 club. The endoplasm hits you.
* * * LOW HITPOINT WARNING * * *
The goblin hits you but does no damage.
Aiming: Magic Dart (safe; 11% risk of failure)
Press: ? - help, Q - select action, (/) - cycle Shift-Dir - straight line, f/p - endoplasm
Aim: an endoplasm (almost dead, 100% to hit)
The magic dart hits the endoplasm but does no damage.
The endoplasm is almost dead.
The endoplasm hits you.
* * * LOW HITPOINT WARNING * * *
The goblin misses you.
Aiming: Magic Dart (safe; 11% risk of failure)
Press: ? - help, Q - select action, (/) - cycle Shift-Dir - straight line, f/p - endoplasm
Aim: an endoplasm (almost dead, 100% to hit)
The magic dart hits the endoplasm.
You kill the endoplasm!
The goblin closely misses you.
Found a ring mail.
The goblin hits you with a +0 club.
* * * LOW HITPOINT WARNING * * *
There is a stone staircase leading down here.
You see here a +0 hunting sling.
Aiming: Magic Dart (safe; 11% risk of failure)
Press: ? - help, Q - select action, (/) - cycle Shift-Dir - straight line, f - goblin
Aim: a goblin, wielding a +0 club (100% to hit)
The magic dart hits the goblin.
The goblin is moderately wounded.
The goblin hits you with a +0 club.
* * * LOW HITPOINT WARNING * * *
Aiming: Magic Dart (safe; 11% risk of failure)
Press: ? - help, Q - select action, (/) - cycle Shift-Dir - straight line, f/p - goblin
Aim: a goblin, wielding a +0 club (moderately wounded, 100% to hit)
The magic dart hits the goblin.
The goblin is heavily wounded.
The goblin hits you with a +0 club.
You die...

#######...####.#.#.##.[....#
......'.........>#......####
#######...####.#)######.#
#######...####.#....# .#
...............#.##.# #
################.# #
†................#
##.###.#########g# #.# #..#
#@# ##+# ##.## #.#
....###..# #.# .........##
#.#### ..........# #†...#
##........# #....#
#........######....######
#.........#.......).....#
#.......#.#.###.#######.#


You could see a goblin.

Vanquished Creatures
  A dart slug (D:1)
  An endoplasm (D:1)
  A giant cockroach (D:1)
  5 goblins (D:1)
  2 hobgoblins (D:1)
  2 quokkas (D:1)
  3 ball pythons (D:1)
  2 frilled lizards (D:1)
  A kobold (D:1)
  4 rats (D:1)
22 creatures vanquished.

Notes
Turn   | Place    | Note
-------+----------+-------------------------------------------
     0 | D:1      | siradein the Draconian Hedge Wizard began the quest for the
                  | Orb.
     0 | D:1      | Reached XP level 1. HP: 14/14 MP: 4/4
   392 | D:1      | Reached XP level 2. HP: 16/20 MP: 4/6
   489 | D:1      | Learned a level 2 spell: Blink
   492 | D:1      | Learned a level 2 spell: Call Imp
   495 | D:1      | Learned a level 2 spell: Slow
  1050 | D:1      | HP: 1/20 [goblin (3)]
  1051 | D:1      | Slain by a goblin

Illustrated notes

Levels and vault maps discovered:
D:1:      minmay_arrival_diagonal_passages, layout_basic,
          chequers_serial_rivers_small_3

Action                   || total
-------------------------++-------
Melee: Short sword       ||    52
       Dagger            ||     4
       Tailslap          ||     5
 Cast: Magic Dart        ||    23
Armor: Skin              ||    19
Dodge: Dodged            ||    28

Table legend: (Time is in decaauts)
 A = Elapsed time spent in this place.
 B = Non-inter-level travel time spent in this place.
 C = Inter-level travel time spent in this place.
 D = Time resting spent in this place.
 E = Time spent auto-exploring this place.
 F = Levels seen in this place.
 G = Mean time per level.
                   A        B        C        D        E       F      G
               +--------+--------+--------+--------+--------+-----+--------+
         Total |   1060 |   1023 |     37 |      0 |    820 |   1 | 1060.0 |
       Dungeon |   1060 |   1023 |     37 |      0 |    820 |   1 | 1060.0 |
               +--------+--------+--------+--------+--------+-----+--------+

Top non-repeatable levels by time:
     D:1: 1060 daAuts
